 Dungeon Crawl Stone Soup version 0.22.1-2-g9c5b331383 (webtiles) character file.

1341 Peloso the Carver (level 8, -5/70 HPs)
             Began as a Minotaur Fighter on Dec 31, 2018.
             Killed by divine providence
             ... invoked by an orc priest
              (15 damage)
             ... on level 6 of the Dungeon.
             The game lasted 00:08:40 (4830 turns).

Peloso the Carver (Minotaur Fighter)                Turns: 4830, Time: 00:08:41

Health: -5/70      AC:  7    Str: 26    XL:     8   Next: 35%
Magic:  7/7        EV:  9    Int:  5    God:
Gold:   175        SH: 11    Dex: 12    Spells: 7/7 levels left

rFire    . . .     SeeInvis .   a - +0 long sword
rCold    . . .     Gourm    .   c - +0 shield
rNeg     . . .     Faith    .   b - +0 scale mail
rPois    .         Spirit   .   (helmet restricted)
rElec    .         Reflect  .   (no cloak)
rCorr    .         Harm     .   (no gloves)
MR       +....                  (no boots)
Stlth    ..........             (no amulet)
HPRegen  0.21/turn              m - ring of protection from magic
MPRegen  0.10/turn              p - +5 ring of strength

@: no status effects
A: retaliatory headbutt, horns 2
a: no special abilities


You were on level 6 of the Dungeon.
You were not hungry.

You visited 2 branches of the dungeon, and saw 7 of its levels.

You collected 289 gold pieces.
You spent 114 gold pieces at shops.

Inventory:

Hand Weapons
 a - a +0 long sword (weapon)
Armour
 b - a +0 scale mail (worn)
 c - a +0 shield (worn)
Jewellery
 m - a ring of protection from magic (left hand)
 p - a +5 ring of strength (right hand)
Scrolls
 e - 6 scrolls of teleportation
 h - 3 scrolls of amnesia {unknown}
 i - 5 scrolls of remove curse
 j - a scroll of blinking {unknown}
 l - 2 scrolls of enchant weapon {unknown}
 u - a scroll of enchant armour {unknown}
 v - a scroll of summoning {unknown}
 w - a scroll of silence {unknown}
 y - 2 scrolls of identify
Potions
 d - a potion of might
 k - a potion of lignification {unknown}
 n - a potion of flight
 q - a potion of brilliance
 r - a potion of invisibility {unknown}
 s - a potion of mutation {unknown}
 t - 2 potions of heal wounds {unknown}
 z - a potion of resistance {unknown}
Comestibles
 f - 6 rations
 x - 9 chunks of flesh


   Skills:
 + Level 5.9 Fighting
 + Level 8.0 Long Blades
 + Level 6.5 Armour
 + Level 2.6 Dodging
 + Level 0.6 Stealth
 + Level 6.5 Shields


You had 7 spell levels left.
You didn't know any spells.
Your spell library contained the following spells:

 Spells                   Type           Power        Failure   Level  Hunger
 Animate Skeleton         Necr           N/A          98%         1    ##.....
 Corona                   Hex            #......      98%         1    ##.....
 Magic Dart               Conj           #...         98%         1    ##.....
 Pain                     Necr           #...         98%         1    ##.....
 Blink                    Tloc           N/A          99%         2    ###....
 Call Imp                 Summ           #.......     99%         2    ###....
 Ensorcelled Hibernation  Hex/Ice        #.....       99%         2    ###....
 Slow                     Hex            #.......     99%         2    ###....
 Confuse                  Hex            #.......     100%        3    ####...
 Conjure Flame            Conj/Fire      #.......     100%        3    ####...
 Dazzling Spray           Conj/Hex       #.....       100%        3    ####...
 Mephitic Cloud           Conj/Pois/Air  #.......     100%        3    ####...
 Regeneration             Chrm/Necr      #.........   100%        3    ####...
 Tukima's Dance           Hex            #.......     100%        3    ####...
 Vampiric Draining        Necr           #.........   100%        3    ####...
 Animate Dead             Necr           N/A          100%        4    #####..


Dungeon Overview and Level Annotations

Branches:
Dungeon (6/15)             Temple (1/1) D:5

Altars:
Ashenzari
Cheibriados
Dithmenos
Elyvilon
Fedhas
Hepliaklqana
Makhleb
Nemelex Xobeh
Qazlal
Trog
Vehumet
Wu Jian
Xom
Yredelemnul
Zin
The Shining One

Shops:
D:5 *


Innate Abilities, Weirdness & Mutations

You reflexively headbutt those who attack you in melee.
You have a pair of horns on your head.


Message History

You recover from your berserk rage.
You start resting.
You hear the slow rusting of a very distant drain.
As you read the scroll of magic mapping, it crumbles to dust.
You feel aware of your surroundings.
You sensed 1 shop/portal.
There is a stone staircase leading up here.
An orc wizard comes into view. It is wielding a dagger.
The orc wizard shouts!
You hear a shout!
You hear a bark!
An orc priest comes into view. It is wielding a hand axe.
You hear a shout!
An adder comes into view.
The adder hisses angrily.
The orc priest calls down the wrath of Beogh upon you.
Beogh smites you!
* * * LOW HITPOINT WARNING * * *
An orc comes into view. It is wielding a trident.
Found a scroll of identify.
The orc priest invokes the aid of Beogh against you.
Beogh smites you!
You die...

,....,.....# *,,,,,,***,,,,,,**
,#..###....#####,,,,.o.#*,,,,,,**
,#....#....##..,,,,,...#*,***,*,,
.*#...#.##....#*,,,?..o#*,***,*,*
.##.....##.#..##,,,..S.,,,**,,,,*
...........#...#,*#..#,**,,*,****
.....##..#.....#**...,,**,,,,****
........<...##.###.#****,,,*,,,,,
....)##)........@..# *,*,*,***,
#...#)).###.##.##### *,,,,,,,*,
...###### #....#**********,******
###* #.....,,,,,,,,,,,* *
######************ *


You could see an orc priest and an adder.

Vanquished Creatures
  Prince Ribbit (D:5)
  Sigmund (D:5)
  Eustachio (D:5)
  Menkaure (D:6)
  Edmund (D:5)
  An ogre (D:5)
  Blork the orc (D:4)
  A gnoll sergeant (D:6)
  A howler monkey (D:5)
  A bullfrog zombie (D:6)
  A centaur skeleton (D:5)
  A hound (D:5)
  2 orc wizards (D:3)
  2 worker ants
  A hound skeleton (D:5)
  4 gnolls (D:6)
  5 adders
  An ooze (D:1)
  2 adder skeletons
  4 worms
  4 dart slugs
  5 leopard geckos
  8 orcs
  A ball python (D:3)
  2 hobgoblins
  11 jackals
  6 kobolds
  A quokka (D:2)
  7 bats
  3 frilled lizards
  6 goblins
  4 rats
91 creatures vanquished.

Vanquished Creatures (others)
  A hobgoblin (D:3)
1 creature vanquished.

Grand Total: 92 creatures vanquished

Notes
Turn   | Place    | Note
-------+----------+-------------------------------------------
     0 | D:1      | Peloso the Minotaur Fighter began the quest for the Orb.
     0 | D:1      | Reached XP level 1. HP: 19/19 MP: 0/0
   158 | D:1      | Reached XP level 2. HP: 27/27 MP: 1/1
   723 | D:2      | Reached XP level 3. HP: 33/33 MP: 2/2
   749 | D:2      | Reached skill level 3 in Long Blades
  1441 | D:2      | Reached XP level 4. HP: 41/41 MP: 3/3
  1981 | D:3      | Reached skill level 4 in Long Blades
  1981 | D:3      | Reached XP level 5. HP: 24/47 MP: 4/4
  3317 | D:4      | Noticed Blork the orc
  3333 | D:4      | Killed Blork the orc
  3333 | D:4      | Reached skill level 5 in Long Blades
  3333 | D:4      | Reached skill level 5 in Shields
  3333 | D:4      | Reached XP level 6. HP: 38/53 MP: 5/5
  3551 | D:5      | Entered Level 5 of the Dungeon
  3575 | D:5      | Reached skill level 1 in Dodging
  3749 | D:5      | Found Tinydur's Assorted Antiques.
  3749 | D:5      | Noticed Eustachio
  3764 | D:5      | Killed Eustachio
  3764 | D:5      | Reached skill level 5 in Fighting
  3764 | D:5      | Reached skill level 5 in Armour
  3783 | D:5      | Bought a scroll labeled SORUKHL TIJABBU for 24 gold pieces
  3783 | D:5      | Bought a blue potion for 21 gold pieces
  3783 | D:5      | Bought a scroll labeled IXTAJAN QIRA for 24 gold pieces
  3783 | D:5      | Bought a bubbling amethyst potion for 21 gold pieces
  3783 | D:5      | Bought a scroll labeled DIFETEISHI for 24 gold pieces
  3813 | D:5      | Noticed Sigmund
  3820 | D:5      | Killed Sigmund
  3820 | D:5      | Reached skill level 6 in Long Blades
  3820 | D:5      | Reached XP level 7. HP: 45/61 MP: 6/6
  3861 | D:5      | Found a staircase to the Ecumenical Temple.
  3906 | Temple   | Entered the Ecumenical Temple
  4076 | D:5      | Noticed Edmund
  4096 | D:5      | Killed Edmund
  4571 | D:5      | Noticed Prince Ribbit
  4598 | D:5      | Killed Prince Ribbit
  4598 | D:5      | Reached skill level 7 in Long Blades
  4598 | D:5      | Reached XP level 8. HP: 44/69 MP: 7/7
  4716 | D:6      | Noticed Menkaure
  4724 | D:6      | Killed Menkaure
  4741 | D:6      | HP: 1/70 [gnoll/whip (5)]
  4744 | D:6      | Reached skill level 8 in Long Blades
  4830 | D:6      | Killed from afar by an orc priest

Skill      XL: |  1  2  3  4  5  6  7  8 |
---------------+-------------------------+-----
Fighting       | 4 5 |  5.9
Armour         | 4 5 6 |  6.5
Shields        | 4 5 6 |  6.5
Long Blades    | 3 4 5 6 7 8 |  8.0
Dodging        | 1 2 |  2.6
Stealth        | |  0.6

Action                   |  1- 3 |  4- 6 |  7- 9 || total
-------------------------+-------+-------+-------++-------
Melee: Long sword        |    81 |   137 |    60 ||   278
       Headbutt          |    13 |    25 |    16 ||    54
  Use: Scroll            |       |     6 |     1 ||     7
       Potion            |       |       |     1 ||     1
  Eat: Chunk             |     2 |     4 |     3 ||     9
       Ration            |       |     1 |       ||     1
Armor: Scale mail        |    39 |    44 |    19 ||   102
Dodge: Dodged            |    32 |    39 |    12 ||    83
Block: Shield            |    46 |    81 |    26 ||   153
       Rpst.: Long sword |     8 |    10 |     4 ||    22
